 Dungeon Crawl Stone Soup version 0.31-a0-221-gbddc013574 (webtiles) character file.

Game seed: 11107433373632667027

99 qw the Shooter (level 4, 0/36 HPs)
             Began as a Minotaur Hexslinger on July 3, 2023.
             Slain by an orc wizard
             ... wielding a +0 dagger
              (3 damage)
             ... on level 3 of the Dungeon.
             The game lasted 00:00:43 (1407 turns).

qw the Shooter (Minotaur Hexslinger)                Turns: 1407, Time: 00:00:44

Health: 0/36       AC:  6    Str: 19    XL:     4   Next: 45%
Magic:  4/4        EV: 11    Int: 10    God:
Gold:   151        SH:  0    Dex: 14    Spells: 4/5 levels left

rFire   . . .        Y - +1 sling
rCold   . . .        (no shield)
rNeg    . . .        b - +0 ring mail
rPois   .            (helmet restricted)
rElec   .            (no cloak)
rCorr   .            f - +0 pair of gloves
SInv    .            (no boots)
Will    .....        (no amulet)
Stlth   +            g - +4 ring of slaying {mikee}
HPRegen 0.26/turn    a - +6 ring of strength
MPRegen 0.09/turn

%: no passive effects
@: no status effects
A: horns 2, retaliatory headbutt
a: no special abilities


You were on level 3 of the Dungeon.
You visited 1 branch of the dungeon, and saw 3 of its levels.

You collected 151 gold pieces.


Innate Abilities, Weirdness & Mutations

You have a pair of horns on your head.
You reflexively headbutt those who attack you in melee.


   Skills:
 - Level 2.0 Fighting
 + Level 4.5 Ranged Weapons
 - Level 2.0 Armour
 - Level 2.1 Dodging
 - Level 1.0 Spellcasting
 - Level 2.0 Hexes


You had 4 spell levels left.
You knew the following spells:

 Your Spells              Type           Power      Damage    Failure   Level
a - Slow                  Hex            16%        N/A       26%         1

Your spell library contained the following spells:

 Spells                   Type           Power      Damage    Failure   Level
 Inner Flame              Hex/Fire       2%         N/A       75%         3
 Portal Projectile        Hex/Tloc       4%         N/A       75%         3
 Cause Fear               Hex            2%         N/A       95%         4

Inventory:

Hand Weapons
 Y - a +1 sling (weapon)
Armour
 b - a +0 ring mail (worn)
 f - a +0 pair of gloves (worn)
Jewellery
 a - a +6 ring of strength (right hand)
 g - a +4 ring of slaying (left hand) {mikee}
Scrolls
 e - 2 scrolls of identify

Dungeon Overview and Level Annotations

Branches:
Dungeon (3/15)

Altars:


Message History

Something hits you but does no damage. The orc wizard misses you.
Something hits you but does no damage.
The orc wizard hits you but does no damage.
Something hits you but does no damage.
The orc wizard hits you but does no damage.
Something hits you but does no damage. The orc wizard barely misses you.
Something completely misses you.
The orc wizard hits you with a +0 dagger.
Something hits you.
You feel less confused.
The orc wizard hits you but does no damage.
Something hits you but does no damage.
You shoot a sling bullet.
The sling bullet hits the orc wizard but does no damage.
The orc wizard is heavily wounded.
An orc wizard appears from thin air!
Reactivating autopickup.
The orc wizard hits you but does no damage.
The orc wizard gestures at you while chanting.
The puff of flame hits you.
You shoot a sling bullet.
The sling bullet closely misses the orc wizard.
The sling bullet hits the orc.
The orc is heavily wounded.
The orc wizard barely misses you. The orc wizard casts a spell at you.
The puff of flame misses you.
The orc wizard gestures at you while chanting.
The puff of flame hits you. The orc wizard completely misses you.
You shoot a sling bullet. The sling bullet hits the orc wizard.
The orc wizard is almost dead.
The orc wizard mumbles some strange words.
The orc wizard flickers and vanishes!
Deactivating autopickup; reactivate with Ctrl-A.
The orc wizard barely misses you.
You shoot a sling bullet. The sling bullet hits the orc wizard!
The orc wizard is severely wounded.
Something hits you.
The orc wizard hits you with a +0 dagger.
You die...

#####.# #.....# # #.##
#.....# #.....#.#
#..(.##...###
#..$..#.## #.........#
#........
#####.....#####......#
#...............
#####..#####..#
##.....#o.# ####..@{o#
#####.# .# .# .# o# o#
.o


You could see an orc wizard and an orc.

Vanquished Creatures
  An orc wizard (D:3)
  An adder (D:2)
  2 worms
  3 dart slugs (D:2)
  An orc (D:3)
  5 endoplasms
  3 giant cockroaches
  3 goblins
  5 hobgoblins (D:1)
  2 jackals (D:1)
  6 kobolds
  2 quokkas
  5 ball pythons
  4 bats
  2 frilled lizards
  4 rats
49 creatures vanquished.

Notes
Turn   | Place    | Note
-------+----------+-------------------------------------------
     0 | D:1      | qw the Minotaur Hexslinger began the quest for the Orb.
     0 | D:1      | Reached XP level 1. HP: 16/16 MP: 1/1
     0 | D:1      | 0 ||| qw: Version: 0.3-a-40-ge99b1a8
     0 | D:1      | 0 ||| qw: Game counter: 509
     0 | D:1      | 0 ||| qw: Melee chars always use a shield: true
     0 | D:1      | 0 ||| qw: God list: Okawaru
     0 | D:1      | 0 ||| qw: Allow faded altars: false
     0 | D:1      | 0 ||| qw: Do Orc after clearing Dungeon:15 true
     0 | D:1      | 0 ||| qw: Do second Lair branch before Depths: true
     0 | D:1      | 0 ||| qw: Lair rune preference: random
     0 | D:1      | 0 ||| qw: Goals: Normal
     0 | D:1      | 0 ||| PLANNING D:1-11
    82 | D:1      | Reached skill level 3 in Ranged Weapons
    85 | D:1      | Reached XP level 2. HP: 18/23 MP: 2/2
   539 | D:1      | Reached XP level 3. HP: 29/29 MP: 3/3
   698 | D:1      | 698 ||| UPGRADING to +4 ring of slaying {mikee}.
   699 | D:1      | 699 ||| READING scroll labelled YSKO XYN LIEDWI.
   700 | D:1      | 700 ||| READING 3 scrolls labelled JEPNONUOFE.
   701 | D:1      | 701 ||| READING scroll labelled HISOIVI DAMUES.
   702 | D:1      | 702 ||| READING scroll labelled SAKUZI ITIGHUD.
   703 | D:1      | 703 ||| READING 2 scrolls of identify.
   703 | D:1      | 703 ||| IDENTIFYING metallic blue potion
   704 | D:1      | 704 ||| DROPPING scroll of poison.
   705 | D:1      | 705 ||| DROPPING potion of degeneration.
   774 | D:2      | Reached skill level 4 in Ranged Weapons
  1200 | D:2      | 1200 ||| UPGRADING to +0 ring mail.
  1210 | D:2      | 1210 ||| DROPPING +0 robe.
  1211 | D:2      | 1211 ||| UPGRADING to +0 pair of gloves.
  1216 | D:2      | 1216 ||| UPGRADING to +6 ring of strength.
  1217 | D:2      | 1217 ||| DRINKING 3 clear potions.
  1218 | D:2      | 1218 ||| READING 3 scrolls of identify.
  1218 | D:2      | 1218 ||| IDENTIFYING fizzy golden potion
  1219 | D:2      | 1219 ||| READING 2 scrolls of identify.
  1219 | D:2      | 1219 ||| IDENTIFYING bubbling cyan potion
  1220 | D:2      | 1220 ||| DROPPING potion of brilliance.
  1221 | D:2      | 1221 ||| DROPPING 2 potions of attraction.
  1270 | D:3      | Reached XP level 4. HP: 36/36 MP: 4/4
  1281 | D:3      | Found a faded altar of an unknown god.
  1347 | D:3      | 1347 ||| Stepping ~*~*~tactically~*~*~ (outnumbered).
  1349 | D:3      | 1349 ||| Stepping ~*~*~tactically~*~*~ (outnumbered).
  1368 | D:3      | HP: 9/36 [orc wizard/+0 dagger (2)]
  1369 | D:3      | 1369 ||| DRINKING potion of heal wounds.
  1404 | D:3      | HP: 7/36 [orc wizard/puff of flame (6)]
  1407 | D:3      | HP: 3/36 [something (3)]
  1407 | D:3      | Slain by an orc wizard

Levels and vault maps discovered:
D:1:      minmay_arrival_stair_chambers, layout_loops_ring
D:2:      layout_rooms, minmay_bisected
D:3:      layout_basic, led_xom_imps, nemelex_spade_bored_becter,
          hellmonk_ecumenical_altar_slurped_away, gammafunk_ghost_gnarly_gnolls

Skill      XL: |  1  2  3  4 |
---------------+-------------+-----
Ranged Weapons | 3 4 |  4.5
Fighting       | 2 |  2.0
Armour         | 2 |  2.0
Dodging        | |  2.1
Spellcasting   | |  1.0
Hexes          | |  2.0

Action                     |  1- 3 |  4- 6 || total
---------------------------+-------+-------++-------
   Fire: Sling             |   111 |    22 ||   133
    Use: Scroll            |     7 |       ||     7
         Potion            |     1 |     1 ||     2
 Armour: Robe              |    15 |       ||    15
         Ring mail         |       |    42 ||    42
  Dodge: Dodged            |    23 |    26 ||    49

Table legend:
 A = Non-vault XP
 B = Vault XP
 C = Vault XP percentage of total XP
 D = Non-vault monster count
 E = Vault monster count
 F = Vault count percentage of total count
                 A         B        C        D         E       F
            +---------+---------+-------+---------+---------+-------
      Total |     126 |      16 |  11.3 |      43 |       6 |  12.2
            +---------+---------+-------+---------+---------+-------
        D:1 |      47 |       0 |   0.0 |      27 |       0 |   0.0
        D:2 |      35 |      14 |  28.6 |      12 |       5 |  29.4
        D:3 |      44 |       2 |   4.3 |       4 |       1 |  20.0
            +---------+---------+-------+---------+---------+-------
